[Event "Titled Tuesday Blitz August 23 Late 2022"]
[White "Pulpan, Jakub"]
[Black "Moroni, Luca Jr"]
[WhiteFideId "302759"]
[BlackFideId "865834"]
[WhiteElo "2451"]
[BlackElo "2573"]
[Result "1-0"]
[Round "04"]
[TimeControl "180+1"]
[Date "2022.08.23"]
[WhiteClock "0:00:05"]
[BlackClock "0:00:05"]

1. Nf3 g6 2. e4 Bg7 3. d4 d6 4. Nc3 Nf6 5. Be2 O-O 6. O-O a6 7. a4 Nc6 8. d5 Nb4 9. Re1 e6 10. dxe6 Bxe6 11. Nd4 Bd7 12. h3 Re8 13. Bf1 c5 14. Nf3 Bc6 15. Bd3 d5 16. e5 Ne4 17. Bf4 c4 18. Bxe4 dxe4 19. Nd2 Bxe5 20. Bxe5 Rxe5 21. Nxc4 Re6 22. Ne3 Qg5 23. Qd4 a5 24. Rad1 h5 25. Re2 Rae8 26. Ncd5 Nxd5 27. Nxd5 e3 28. fxe3 Kh7 29. c4 Kh6 30. Rf1 f5 31. h4 Qg3 32. Rf3 Qg4 33. Qxg4 hxg4 34. Rf1 Re5 35. Rd1 Bxa4 36. Ra1 Bc6 37. Rxa5 R8e6 38. b4 Re4 39. Rc5 Bxd5 40. cxd5 Rxe3 41. Rxe3 Rxe3 42. Rb5 Rd3 43. Kf1 g3 44. Ke2 Rd4 45. Kf3 Rd3+ 46. Kf4 Rd4+ 47. Kxg3 Kh5 48. Rxb7 Rxd5 49. Rh7# 1-0


[Site "https://www.chess.com"]

[Event "Titled Tuesday Blitz August 23 Late 2022"]
[White "Senthil Maran K"]
[Black "Vasquez Schroeder, Rodrigo"]
[WhiteFideId "25035681"]
[BlackFideId "3400042"]
[WhiteElo "2124"]
[BlackElo "2567"]
[Result "0-1"]
[Round "04"]
[TimeControl "180+1"]
[Date "2022.08.23"]
[WhiteClock "0:00:02"]
[BlackClock "0:00:28"]

1. g3 c5 2. Bg2 g6 3. c4 Bg7 4. Nf3 Nc6 5. O-O d6 6. Nc3 e6 7. Rb1 Nge7 8. a3 b6 9. b4 Bb7 10. e3 O-O 11. d4 cxd4 12. Nxd4 Qd7 13. Ncb5 Nxd4 14. Nxd4 Bxg2 15. Kxg2 Rac8 16. Qe2 Bxd4 17. exd4 Qc6+ 18. d5 Qxc4 19. Qxc4 Rxc4 20. dxe6 fxe6 21. Bg5 Nd5 22. Rbd1 Rfc8 23. Rfe1 Kf7 24. h4 Rc2 25. Rd3 R8c3 26. Red1 Rxd3 27. Rxd3 Rc3 28. Rd2 Rxa3 29. b5 Rc3 30. Ra2 Rc7 31. g4 e5 32. Kf3 Ke6 33. Kg3 Nc3 34. Rb2 Ne4+ 35. Kg2 Nxg5 36. hxg5 d5 37. Kf3 Rf7+ 38. Ke3 d4+ 39. Ke2 e4 40. Rb1 Rc7 41. Rh1 Ke5 42. Ra1 Kf4 43. Ra4 Rd7 44. Kd2 Kxg4 45. Rc4 Kxg5 46. Rc6 Rd5 47. Rc7 Rxb5 48. Rxa7 h5 49. Ke1 h4 50. Kf1 h3 51. Kg1 Rb2 52. Kh2 Rxf2+ 53. Kg3 Rf3+ 54. Kh2 Kg4 55. Re7 Rf2+ 56. Kg1 Re2 57. Rf7 d3 58. Kf1 b5 59. Rb7 h2 60. Rh7 Rc2 0-1


[Site "https://www.chess.com"]

[Event "Titled Tuesday Blitz August 23 Late 2022"]
[White "Seo, Jung Min"]
[Black "Gubajdullin, Alexei"]
[WhiteFideId "1734687"]
[BlackFideId "4141202"]
[WhiteElo "2414"]
[BlackElo "2214"]
[Result "1-0"]
[Round "04"]
[TimeControl "180+1"]
[Date "2022.08.23"]
[WhiteClock "0:01:31"]
[BlackClock "0:00:08"]

1. e4 c6 2. d4 d5 3. e5 Bf5 4. Nf3 e6 5. Be2 Nd7 6. O-O Ne7 7. Nbd2 h6 8. Nb3 Bh7 9. a4 Ng6 10. a5 a6 11. Be3 Be7 12. Ne1 O-O 13. Nd3 Qc7 14. c3 Nh4 15. f4 f6 16. g3 Nf5 17. Bf2 fxe5 18. fxe5 Bg5 19. Bg4 Rae8 20. Qe2 Kh8 21. Nbc5 Nxc5 22. Nxc5 Qc8 23. b4 Rf7 24. Rad1 Ref8 25. Rd3 Be7 26. Nb3 Bd8 27. Rf3 Be7 28. Be1 Qd7 29. Bd2 Qe8 30. Bh3 Bg6 31. R3f2 Kh7 32. Nc1 Qd8 33. Nd3 Qe8 34. Nf4 Bg5 35. Nxg6 Kxg6 36. Bxg5 hxg5 37. Bg4 Kh7 38. Bh5 g6 39. Bg4 Nh6 40. Rf6 Nf5 41. Bxf5 exf5 42. Rd6 g4 43. Qd2 Qe7 44. Kg2 Rd8 45. Rxd8 Qxd8 46. Rh1 g5 47. h3 gxh3+ 48. Rxh3+ Kg6 49. Qe2 g4 50. Rh1 Rh7 51. Rxh7 Kxh7 52. Qe3 Kg6 53. e6 Qe7 54. Kf1 Kf6 55. Qh6# 1-0


[Site "https://www.chess.com"]

[Event "Titled Tuesday Blitz August 23 Late 2022"]
[White "Shirov, Alexei"]
[Black "Taichman, Ori"]
[WhiteFideId "2209390"]
[BlackFideId "2804069"]
[WhiteElo "2678"]
[BlackElo "2227"]
[Result "1-0"]
[Round "04"]
[TimeControl "180+1"]
[Date "2022.08.23"]
[WhiteClock "0:01:02"]
[BlackClock "0:00:03"]

1. e4 c5 2. Nf3 Nc6 3. d4 cxd4 4. Nxd4 d5 5. Nb5 dxe4 6. Qxd8+ Kxd8 7. Be3 e5 8. N1c3 Bf5 9. O-O-O+ Kc8 10. Nd5 Nf6 11. Bc4 Nxd5 12. Bxd5 f6 13. h3 Be7 14. g4 Bd7 15. Bxe4 h5 16. f4 a6 17. Nc3 Bb4 18. Nd5 Ba5 19. Bb6 exf4 20. Bxa5 Nxa5 21. Nb6+ Kc7 22. Nxd7 hxg4 23. hxg4 Rxh1 24. Bxh1 Rh8 25. Nc5 g5 26. b4 Nc4 27. Rd7+ Kb8 28. Rxb7+ Kc8 29. Bd5 Ne5 30. Be6+ Kd8 31. Rb8+ 1-0


[Site "https://www.chess.com"]

[Event "Titled Tuesday Blitz August 23 Late 2022"]
[White "Sjugirov, Sanan"]
[Black "Caruana, Fabiano"]
[WhiteFideId "4189302"]
[BlackFideId "2020009"]
[WhiteElo "2609"]
[BlackElo "2847"]
[Result "0-1"]
[Round "04"]
[TimeControl "180+1"]
[Date "2022.08.23"]
[WhiteClock "0:00:03"]
[BlackClock "0:00:05"]

1. e4 c5 2. Nf3 e6 3. d3 Nc6 4. g3 g6 5. Bg2 Bg7 6. h4 h6 7. O-O Nge7 8. c3 d5 9. Re1 O-O 10. e5 b6 11. Bf4 Ba6 12. a4 Nf5 13. Na3 Rb8 14. Nb5 Bb7 15. Qd2 Na5 16. Rad1 Bc6 17. b4 Nb7 18. Nxa7 Bxa4 19. Ra1 Bd7 20. h5 g5 21. Nxg5 hxg5 22. Bxg5 f6 23. exf6 Bxf6 24. Bf4 cxb4 25. cxb4 Ra8 26. Ra6 Nd4 27. Be5 Bxe5 28. Rxe5 Kh7 29. Rg5 Be8 30. h6 Bg6 31. Qe3 Nf5 32. Qc1 Qf6 33. b5 Nd4 34. Qe3 Nf5 35. Qd2 Nc5 36. Ra3 Nd4 37. f4 Nf5 38. Kh2 Nxh6 39. Qe3 Nf5 40. Qf2 Kg7 41. g4 Rh8+ 42. Kg1 Nh4 43. Qg3 Nxg2 44. Kxg2 Kf7 45. f5 Qxg5 46. fxg6+ Kxg6 47. Nc6 Qd2+ 48. Kf3 Qd1+ 49. Kf4 Qd2+ 50. Ke5 Qe2+ 51. Kd6 Rxa3 52. Ne7+ Kf7 53. Qf4+ Ke8 54. Nc6 Nb7+ 55. Kc7 Qh2 0-1


[Site "https://www.chess.com"]

[Event "Titled Tuesday Blitz August 23 Late 2022"]
[White "Tahbaz, Arash"]
[Black "Machidon, Cristi"]
[WhiteFideId "12528846"]
[BlackFideId "13904590"]
[WhiteElo "2378"]
[BlackElo "2312"]
[Result "1-0"]
[Round "04"]
[TimeControl "180+1"]
[Date "2022.08.23"]
[WhiteClock "0:00:27"]
[BlackClock "0:00:02"]

1. Nf3 d5 2. g3 c6 3. Bg2 Bf5 4. O-O e6 5. d3 h6 6. Nbd2 Nf6 7. b3 Be7 8. Bb2 O-O 9. Re1 a5 10. e4 Bh7 11. a3 c5 12. exd5 Nxd5 13. a4 Nc6 14. Nc4 Ndb4 15. Nfe5 Qc7 16. Nxc6 Nxc6 17. Qg4 Bg6 18. Rxe6 h5 19. Rxc6 bxc6 20. Qf3 f6 21. Qxc6 Qxc6 22. Bxc6 Ra6 23. Re1 Rxc6 24. Rxe7 Re8 25. Rxe8+ Bxe8 26. f3 Re6 27. Kf2 Bc6 28. Nxa5 Bd5 29. Ba3 g5 30. Bxc5 g4 31. f4 Kf7 32. c4 Bf3 33. Be3 Ke7 34. b4 Ra6 35. d4 Bd1 36. Bd2 Bxa4 37. b5 Re6 38. Nc6+ Kd7 39. Na5 Bd1 40. Be3 Ba4 41. Ke2 Bc2 42. Kd2 Be4 43. d5 Re8 44. Nb7 Bf3 45. Kd3 Ra8 46. Nc5+ Kd6 47. Ne4+ Bxe4+ 48. Kxe4 Ra4 49. Kd4 f5 50. b6 Rb4 51. Bd2 Ra4 52. Bc3 h4 53. gxh4 Kd7 54. Kc5 Ra2 55. Be5 Rxh2 56. b7 Rb2 1-0


[Site "https://www.chess.com"]

[Event "Titled Tuesday Blitz August 23 Late 2022"]
[White "Tanenbaum, Zachary"]
[Black "Martinez Alcantara, Jose Eduardo"]
[WhiteFideId "2060850"]
[BlackFideId "3805662"]
[WhiteElo "2175"]
[BlackElo "2703"]
[Result "0-1"]
[Round "04"]
[TimeControl "180+1"]
[Date "2022.08.23"]
[WhiteClock "0:00:20"]
[BlackClock "0:01:17"]

1. e4 Nc6 2. Nf3 d6 3. d4 Nf6 4. Nc3 g6 5. Bb5 Bg7 6. Qd3 O-O 7. Bxc6 bxc6 8. Qc4 Rb8 9. O-O d5 10. Qxc6 Bb7 11. Qa4 dxe4 12. Ne5 Nd5 13. Nc6 Bxc6 14. Qxc6 Nb4 15. Qxe4 Qxd4 16. Qe2 Qe5 17. Be3 Qf5 18. Bxa7 Rb7 19. Be3 Nxc2 20. g4 Qe6 21. Qxc2 Qxg4+ 22. Kh1 Qf3+ 23. Kg1 Rb4 24. Ne2 Rxb2 25. Qxc7 Rxe2 26. Rad1 Qg4+ 27. Kh1 Qe4+ 28. Kg1 Rxa2 29. Rd8 Ra8 30. Rfd1 Raxd8 31. Rxd8 h5 32. Rd7 Be5 33. Qa7 Ra8 0-1


[Site "https://www.chess.com"]

[Event "Titled Tuesday Blitz August 23 Late 2022"]
[White "Theodorou, Nikolas"]
[Black "Zhigalko, Sergei"]
[WhiteFideId "4262875"]
[BlackFideId "13502956"]
[WhiteElo "2484"]
[BlackElo "2662"]
[Result "1-0"]
[Round "04"]
[TimeControl "180+1"]
[Date "2022.08.23"]
[WhiteClock "0:00:13"]
[BlackClock "0:00:01"]

1. Nf3 d5 2. g3 Bg4 3. Bg2 e6 4. O-O Nd7 5. c4 c6 6. d3 Ngf6 7. Qb3 Qb6 8. Be3 Qxb3 9. axb3 a6 10. Bd4 Bd6 11. Bc3 e5 12. b4 O-O 13. h3 Bf5 14. g4 Bg6 15. Nh4 d4 16. Bd2 Rfe8 17. Nxg6 hxg6 18. Na3 e4 19. Nc2 exd3 20. exd3 Ne5 21. Ra3 Rad8 22. f4 Ned7 23. Nxd4 Nf8 24. Nc2 Ne6 25. f5 gxf5 26. gxf5 Nf8 27. Rb3 N8d7 28. Re1 Bg3 29. Rxe8+ Rxe8 30. Kf1 Nh5 31. d4 Bf4 32. Be1 Ndf6 33. Bf3 g6 34. fxg6 fxg6 35. Rd3 Kg7 36. Bf2 Bd6 37. d5 cxd5 38. Bxd5 Nf4 39. Rf3 N6xd5 40. cxd5 Nxd5 41. Rd3 Bxb4 42. Rxd5 Be7 43. Rd7 Kf6 44. Rxb7 Bd6 45. Ne3 Kg5 46. Ng4 Bf4 47. Rd7 Kf5 48. Rd5+ Ke4 49. Rd4+ Kf5 50. Kg2 g5 51. Kf3 Rb8 52. b4 Ke6 53. Be3 Bd6 54. Re4+ Kf5 55. Bd2 Rc8 56. Ne3+ Kg6 57. Nd5 1-0


[Site "https://www.chess.com"]

[Event "Titled Tuesday Blitz August 23 Late 2022"]
[White "Thomforde-Toates, Noah"]
[Black "Yanchenko, Roman"]
[WhiteFideId "30951992"]
[BlackFideId "4137329"]
[WhiteElo "2611"]
[BlackElo "2514"]
[Result "0-1"]
[Round "04"]
[TimeControl "180+1"]
[Date "2022.08.23"]
[WhiteClock "0:01:09"]
[BlackClock "0:00:25"]

1. d4 d5 2. Nc3 Nf6 3. Bf4 c6 4. e3 Bf5 5. Bd3 Bg6 6. Nf3 e6 7. Ne5 Nbd7 8. O-O Nxe5 9. Bxe5 Bd6 10. Bxd6 Qxd6 11. f4 a6 12. a3 c5 13. Bxg6 hxg6 14. dxc5 Qxc5 15. Qd4 Qxd4 16. exd4 Rc8 17. Rad1 b5 18. Rd2 Kd7 19. Na2 Ne4 20. Re2 a5 21. c3 Rh5 22. Nc1 b4 23. axb4 axb4 24. cxb4 Rc4 25. Nd3 f6 26. Ra1 Rxd4 27. Ra7+ Kc6 28. Rc2+ Kb6 29. Ra3 Rh8 30. g3 Rc4 31. Rxc4 dxc4 32. Nf2 Nxf2 33. Kf1 Rxh2 34. Kg1 Ng4 35. Rc3 Rxb2 36. Rxc4 Rg2+ 37. Kh1 Rxg3 38. f5 gxf5 39. b5 Rh3+ 40. Kg2 Ne3+ 0-1


[Site "https://www.chess.com"]

[Event "Titled Tuesday Blitz August 23 Late 2022"]
[White "Wirig, Anthony"]
[Black "Janaszak, Dawid"]
[WhiteFideId "615013"]
[BlackFideId "1119206"]
[WhiteElo "2474"]
[BlackElo "2165"]
[Result "1-0"]
[Round "04"]
[TimeControl "180+1"]
[Date "2022.08.23"]
[WhiteClock "0:00:21"]
[BlackClock "0:00:03"]

1. d4 d5 2. Nf3 Nf6 3. c4 c6 4. Qc2 g6 5. g3 Bg7 6. Bg2 O-O 7. O-O dxc4 8. Qxc4 Be6 9. Qa4 Nbd7 10. Nc3 b5 11. Qd1 Rc8 12. Ng5 Bf5 13. e4 Bg4 14. f3 h6 15. Nxf7 Rxf7 16. fxg4 b4 17. Na4 Qa5 18. e5 Nd5 19. Rxf7 Kxf7 20. g5 hxg5 21. Bxg5 e6 22. Rc1 N7b6 23. Nc5 Qxa2 24. Bh3 Re8 25. Nxe6 Qxb2 26. Rxc6 Kg8 27. Nxg7 Rf8 28. Rxg6 Qf2+ 29. Kh1 Nc3 30. Nf5+ Kf7 31. Rf6+ Ke8 32. Nd6+ Ke7 33. Rxf2+ 1-0


[Site "https://www.chess.com"]

[Event "Titled Tuesday Blitz August 23 Late 2022"]
[White "Xiong, Jeffery"]
[Black "Papasimakopoulos, Alexandros"]
[WhiteFideId "2047640"]
[BlackFideId "4244125"]
[WhiteElo "2714"]
[BlackElo "2357"]
[Result "1-0"]
[Round "04"]
[TimeControl "180+1"]
[Date "2022.08.23"]
[WhiteClock "0:00:30"]
[BlackClock "0:00:01"]

1. d4 e6 2. e4 d5 3. e5 b6 4. Nf3 Ne7 5. h4 Ba6 6. Bxa6 Nxa6 7. c3 Nb8 8. h5 h6 9. Nbd2 c5 10. Nf1 Nbc6 11. Ne3 Qd7 12. Kf1 O-O-O 13. Rh3 Kb7 14. Bd2 f6 15. Ng4 Nf5 16. Bf4 Be7 17. Qd3 cxd4 18. cxd4 Rc8 19. a3 Rhe8 20. exf6 Bxf6 21. Nge5 Nxe5 22. Bxe5 Qa4 23. g4 Ne7 24. Re1 Nc6 25. Bxf6 gxf6 26. Qh7+ Rc7 27. Qxh6 Nxd4 28. Qxf6 Nxf3 29. Qxf3 Qc4+ 30. Kg2 Rg7 31. Rg3 e5 32. h6 e4 33. Qf5 Rc7 34. Rc3 Qb5 35. Rxc7+ Kxc7 36. Rc1+ Kb7 37. h7 Qd3 38. Rc3 Qb5 39. a4 Qxa4 40. Qxd5+ Ka6 41. Ra3 Qxa3 42. bxa3 Rh8 43. Qg8 Rxg8 44. hxg8=Q Ka5 45. Qb3 a6 46. Qb4# 1-0


[Site "https://www.chess.com"]

[Event "Titled Tuesday Blitz August 23 Late 2022"]
[White "Aghasiyev, Kamal"]
[Black "Al Hosani, Omran"]
[WhiteFideId "13402854"]
[BlackFideId "9308733"]
[WhiteElo "2210"]
[BlackElo "2236"]
[Result "1-0"]
[Round "05"]
[TimeControl "180+1"]
[Date "2022.08.23"]
[WhiteClock "0:00:45"]
[BlackClock "0:00:04"]

1. d4 Nf6 2. c4 e6 3. Nf3 d5 4. Nc3 Be7 5. cxd5 exd5 6. Bg5 O-O 7. e3 c6 8. Bd3 Nbd7 9. Qc2 Re8 10. h3 h6 11. Bf4 Nf8 12. O-O Bd6 13. Bxd6 Qxd6 14. Ne5 a6 15. Rad1 N6d7 16. f4 f6 17. Rf3 fxe5 18. fxe5 Nxe5 19. dxe5 Qxe5 20. Rdf1 Be6 21. Ne2 Nd7 22. Bh7+ Kh8 23. Bg6 Rf8 24. Nf4 Qd6 25. Bh5 Ne5 26. Rg3 Bf5 27. Qc3 Be4 28. b4 Rf6 29. Bf3 Bxf3 30. gxf3 Re8 31. Kh1 Ng6 32. Nh5 Qxg3 33. Nxg3 Rfe6 34. Nf5 Re5 35. Nxg7 R8e7 36. Nf5 Rf7 37. Nxh6 Rh7 38. Ng4 Rxh3+ 39. Kg2 Rh5 40. Nxe5 Nxe5 41. f4 1-0


[Site "https://www.chess.com"]

[Event "Titled Tuesday Blitz August 23 Late 2022"]
[White "Andreikin, Dmitry"]
[Black "Abdrlauf, Elham"]
[WhiteFideId "4158814"]
[BlackFideId "1533533"]
[WhiteElo "2736"]
[BlackElo "2430"]
[Result "1-0"]
[Round "05"]
[TimeControl "180+1"]
[Date "2022.08.23"]
[WhiteClock "0:00:05"]
[BlackClock "0:00:02"]

1. Nf3 d5 2. g3 g6 3. Bg2 Bg7 4. d4 e6 5. O-O Ne7 6. c3 O-O 7. Bf4 Nd7 8. Nbd2 b6 9. e4 dxe4 10. Nxe4 Bb7 11. Ne5 Nd5 12. Bg5 f6 13. Nxd7 Qxd7 14. Bd2 c6 15. c4 Ne7 16. Bb4 Rfd8 17. Qf3 Nf5 18. Rad1 Kh8 19. Bc3 Qe7 20. c5 Ba6 21. Rfe1 Bc4 22. Qf4 Bd5 23. b4 bxc5 24. dxc5 e5 25. Qc1 Bxa2 26. Bh3 Bd5 27. Bxf5 gxf5 28. Nd6 Qe6 29. f4 Rxd6 30. cxd6 Qxd6 31. fxe5 fxe5 32. Qa1 Re8 33. Qxa7 f4 34. b5 fxg3 35. hxg3 Qh6 36. Rxd5 cxd5 37. Bd4 Qd2 38. Bf2 Rf8 39. Rf1 e4 40. Qe7 h6 41. b6 d4 42. Qxe4 Qb2 43. b7 Qb4 44. Rb1 Qd6 45. Kg2 Rb8 46. Rb5 d3 47. Rc5 d2 48. Rc8+ Bf8 49. Bd4+ Kg8 50. Qg4+ Kf7 51. Qf5+ Ke7 52. Qxf8+ Ke6 53. Qg8+ Kf5 54. Qf7+ Ke4 55. Qf3+ Kxd4 56. Qc3+ Ke4 57. Rxb8 Qxb8 58. Qxd2 Qxb7 59. Qxh6 Kd3+ 60. Kh2 Qb2+ 61. Kh3 Qa1 62. Qf4 Qh1+ 63. Kg4 Qa1 64. Kh4 Qh1+ 65. Kg5 Qa1 66. g4 Qg7+ 67. Kh5 Qh7+ 68. Qh6 Qf7+ 69. Qg6+ Qxg6+ 70. Kxg6 1-0


[Site "https://www.chess.com"]

[Event "Titled Tuesday Blitz August 23 Late 2022"]
[White "Bacrot, Etienne"]
[Black "Sarana, Alexey"]
[WhiteFideId "605506"]
[BlackFideId "24133795"]
[WhiteElo "2673"]
[BlackElo "2666"]
[Result "0-1"]
[Round "05"]
[TimeControl "180+1"]
[Date "2022.08.23"]
[WhiteClock "0:00:02"]
[BlackClock "0:00:05"]

1. e4 c5 2. Nf3 d6 3. Bb5+ Bd7 4. Bxd7+ Nxd7 5. O-O e6 6. Qe2 Be7 7. c3 Ngf6 8. d4 O-O 9. Rd1 cxd4 10. cxd4 b5 11. e5 dxe5 12. dxe5 Nd5 13. Qxb5 Qc7 14. Nc3 Nxc3 15. bxc3 Rfd8 16. Be3 a6 17. Qa4 Nxe5 18. Nxe5 Rxd1+ 19. Rxd1 Qxe5 20. Qc6 Qb8 21. g3 Qc8 22. Qxc8+ Rxc8 23. Rd7 Bf8 24. Ra7 Rc6 25. Kf1 f6 26. Ke2 Bd6 27. Kd3 h5 28. h4 Bc7 29. c4 Kf8 30. c5 Ke8 31. Ra8+ Ke7 32. Kc4 Ba5 33. Ra7+ Kf8 34. Ra8+ Ke7 35. Rh8 Kf7 36. Rxh5 Rc8 37. g4 Bc7 38. f4 Bd6 39. f5 Be5 40. fxe6+ Kxe6 41. Rf5 Rb8 42. Rf2 Rb1 43. Re2 Rh1 44. g5 Rxh4+ 45. Kb3 Kd5 46. Rd2+ Kc6 47. gxf6 gxf6 48. Re2 Re4 49. Kc2 f5 50. Kd3 Ra4 51. Rc2 a5 52. Ke2 Rh4 53. Kf3 Rh3+ 54. Ke2 a4 55. Bf2 a3 56. Kf1 Rh1+ 57. Ke2 Rb1 58. Kd3 Rd1+ 59. Ke2 Rd8 60. Ke1 Rh8 61. Ke2 Rh2 62. Kd3 Rh3+ 63. Ke2 f4 64. Rd2 Rc3 65. Kd1 Rh3 66. Rc2 Rh1+ 67. Ke2 Rb1 68. Rd2 Rb2 69. Kd3 Rb4 70. Rc2 Bf6 71. Rc4 Rb2 72. Rc2 Rb1 73. Rc4 Be5 74. Re4 Kd5 75. Ra4 Rb2 76. Be1 Rxa2 77. Bb4 f3 78. Rxa3 f2 0-1


[Site "https://www.chess.com"]

[Event "Titled Tuesday Blitz August 23 Late 2022"]
[White "Beerdsen, Thomas"]
[Black "Xiong, Jeffery"]
[WhiteFideId "1030108"]
[BlackFideId "2047640"]
[WhiteElo "2567"]
[BlackElo "2714"]
[Result "0-1"]
[Round "05"]
[TimeControl "180+1"]
[Date "2022.08.23"]
[WhiteClock "0:01:33"]
[BlackClock "0:02:07"]

1. e4 e5 2. Nf3 Nc6 3. Bc4 Bc5 4. c3 Nf6 5. d3 d6 6. O-O h6 7. Nbd2 O-O 8. h3 a5 9. Bb3 Be6 10. Re1 Bxb3 11. Qxb3 a4 12. Qc2 Re8 13. b4 axb3 14. Nxb3 Bb6 15. Bb2 Qd7 16. Re2 Nh5 17. Bc1 Ne7 18. d4 Ng6 19. Kh2 Nhf4 20. Bxf4 Nxf4 21. Re3 Qe6 22. Ng1 Ra3 23. g3 Ng6 24. Ne2 Rea8 25. Kg2 Qc4 26. Nd2 Qa6 27. Rf3 Qxe2 0-1


[Site "https://www.chess.com"]

[Event "Titled Tuesday Blitz August 23 Late 2022"]
[White "Bluebaum, Matthias"]
[Black "Bortnyk, Olexandr"]
[WhiteFideId "24651516"]
[BlackFideId "14120828"]
[WhiteElo "2603"]
[BlackElo "2723"]
[Result "1-0"]
[Round "05"]
[TimeControl "180+1"]
[Date "2022.08.23"]
[WhiteClock "0:00:17"]
[BlackClock "0:00:09"]

1. d4 d6 2. Nf3 Nf6 3. c4 g6 4. Nc3 Bf5 5. d5 c5 6. Ng5 Bg7 7. e4 Bd7 8. h3 O-O 9. Bd3 Na6 10. O-O Nc7 11. a4 b6 12. Bf4 e5 13. dxe6 Bxe6 14. Qd2 Qd7 15. Rad1 Rad8 16. b3 Rfe8 17. Rfe1 h6 18. Nf3 g5 19. Bh2 Bxh3 20. gxh3 Qxh3 21. Bg3 Ne6 22. Bf1 Qh5 23. Bg2 g4 24. Nh4 Nh7 25. Nd5 Nhg5 26. Nf5 Nf3+ 27. Bxf3 gxf3 28. Nf4 Qg4 29. Nxe6 Rxe6 30. Qf4 h5 31. Qxg4 hxg4 32. e5 Rde8 33. Rxd6 Rxd6 34. Nxd6 Re6 35. Re4 Kh7 36. Rxg4 Bxe5 37. Nxf7 Bf6 38. Ng5+ Bxg5 39. Rxg5 Re1+ 40. Kh2 Rb1 41. Rf5 Rxb3 42. Rf7+ Kg6 43. Rxa7 Rb4 44. Ra6 Kf5 45. a5 bxa5 46. Rxa5 Rxc4 47. Bd6 Kg4 48. Rxc5 Rd4 49. Bg3 Rd5 50. Rc4+ Kg5 51. Rf4 Rd3 52. Rf8 Rb3 53. Kh3 Rd3 54. Bh4+ Kh5 55. Kg3 Rd1 56. Rf5+ Kg6 57. Rxf3 Rg1+ 58. Kh3 Ra1 59. Bg3 Ra4 60. Rf4 Ra2 61. Kg4 Rb2 62. Re4 Rb6 63. Rd4 Rb5 64. Rd6+ Kf7 65. f4 Ke7 66. f5 Rb3 67. Re6+ Kf7 68. Bf4 Rb1 69. Ra6 Rg1+ 70. Bg3 Rf1 71. Ra7+ Kf6 72. Ra6+ Kf7 73. Kg5 Rg1 74. Ra7+ Ke8 75. Kg4 Rf1 76. Bf4 Rg1+ 77. Kh5 Rh1+ 78. Kg6 Ra1 79. Rxa1 1-0


[Site "https://www.chess.com"]

[Event "Titled Tuesday Blitz August 23 Late 2022"]
[White "Carlsen, Magnus"]
[Black "Dubov, Daniil"]
[WhiteFideId "1503014"]
[BlackFideId "24126055"]
[WhiteElo "2830"]
[BlackElo "2791"]
[Result "1-0"]
[Round "05"]
[TimeControl "180+1"]
[Date "2022.08.23"]
[WhiteClock "0:00:28"]
[BlackClock "0:00:02"]

1. e4 e5 2. Nf3 Nc6 3. Nc3 Nf6 4. g3 Nxe4 5. Nxe4 d5 6. Nc3 d4 7. Bg2 dxc3 8. bxc3 Bd6 9. O-O O-O 10. Re1 h6 11. d3 Bg4 12. h3 Bh5 13. Rb1 Rb8 14. g4 Bg6 15. g5 Bh5 16. gxh6 f5 17. Qd2 Bxf3 18. Bxf3 e4 19. Bg2 Ne5 20. Qg5 Qxg5 21. Bxg5 gxh6 22. Bxh6 Rf6 23. Bg5 Rg6 24. h4 Nf7 25. dxe4 Nxg5 26. hxg5 fxe4 27. Rb5 Bf4 28. Rxe4 Rf8 29. Re7 b6 30. Be4 1-0


[Site "https://www.chess.com"]

[Event "Titled Tuesday Blitz August 23 Late 2022"]
[White "Caruana, Fabiano"]
[Black "Makarian, Rudik"]
[WhiteFideId "2020009"]
[BlackFideId "44105681"]
[WhiteElo "2847"]
[BlackElo "2403"]
[Result "1-0"]
[Round "05"]
[TimeControl "180+1"]
[Date "2022.08.23"]
[WhiteClock "0:00:21"]
[BlackClock "0:00:01"]

1. d4 Nf6 2. c4 g6 3. Nf3 Bg7 4. e3 O-O 5. Be2 d6 6. O-O c5 7. d5 e5 8. Nc3 Ne8 9. e4 h6 10. Ne1 Qe7 11. Nd3 f5 12. f3 f4 13. b4 cxb4 14. Nxb4 Nd7 15. a4 Nc5 16. a5 Nc7 17. Ba3 g5 18. Nd3 N7a6 19. Nxc5 dxc5 20. Rb1 Kh7 21. Qd2 Rf6 22. Na4 Bf8 23. Rb5 Qc7 24. Rfb1 Rb8 25. Nc3 Nb4 26. Na2 Bd7 27. R5xb4 cxb4 28. Bxb4 Bc5+ 29. Kh1 b6 30. a6 h5 31. Bc3 g4 32. Nb4 Rg6 33. Nd3 Be3 34. Qe1 Re8 35. Qh4 Kh6 36. c5 Bxc5 37. Rc1 Be3 38. Bxe5 Qd8 39. Qxd8 Rxd8 40. Bxf4+ Bxf4 41. Nxf4 Rf6 42. g3 gxf3 43. Bxf3 Rc8 44. Re1 Rc3 45. Kg2 Rc2+ 46. Kg1 Rf8 47. e5 Bb5 48. e6 1-0


[Site "https://www.chess.com"]

[Event "Titled Tuesday Blitz August 23 Late 2022"]
[White "Cruz, Cristhian"]
[Black "Kamsky, Gata"]
[WhiteFideId "3801969"]
[BlackFideId "2000024"]
[WhiteElo "2497"]
[BlackElo "2666"]
[Result "0-1"]
[Round "05"]
[TimeControl "180+1"]
[Date "2022.08.23"]
[WhiteClock "0:00:10"]
[BlackClock "0:00:40"]

1. d4 Nf6 2. c4 g6 3. Nc3 Bg7 4. e4 d6 5. Nf3 O-O 6. Be2 e5 7. O-O Nc6 8. d5 Ne7 9. Be3 Ng4 10. Bd2 f5 11. a4 a5 12. c5 dxc5 13. Bc4 Kh8 14. Re1 f4 15. Nb5 c6 16. d6 cxb5 17. dxe7 Qxe7 18. axb5 b6 19. Bc3 Bb7 20. b3 Rad8 21. Qc2 Rd4 22. h3 Nf6 23. Bxd4 exd4 24. e5 Nd5 25. h4 Nb4 26. Qe2 Bxf3 27. gxf3 Qxh4 28. e6 d3 29. Qe4 Bxa1 30. Rxa1 Rf5 31. Qa8+ Kg7 32. Qb7+ Kh6 0-1


[Site "https://www.chess.com"]

[Event "Titled Tuesday Blitz August 23 Late 2022"]
[White "Czopor, Maciej"]
[Black "Moroni, Luca Jr"]
[WhiteFideId "21805431"]
[BlackFideId "865834"]
[WhiteElo "1924"]
[BlackElo "2573"]
[Result "0-1"]
[Round "05"]
[TimeControl "180+1"]
[Date "2022.08.23"]
[WhiteClock "0:00:04"]
[BlackClock "0:00:06"]

1. c4 g6 2. Nc3 Bg7 3. b4 a5 4. b5 b6 5. Bb2 Bb7 6. Nf3 Nf6 7. d3 O-O 8. e4 e6 9. Be2 d5 10. cxd5 exd5 11. e5 Nfd7 12. d4 c5 13. bxc6 Bxc6 14. O-O Na6 15. Rc1 Nc7 16. Qd2 Ne6 17. Ba3 Re8 18. Nb5 Bxb5 19. Bxb5 Ra7 20. Rc6 h5 21. Rfc1 Kh7 22. Qc2 Bh6 23. Rc8 Qxc8 24. Qxc8 Rxc8 25. Rxc8 g5 26. Bb2 a4 27. a3 Ndf8 28. Bc6 Ng6 29. Bxd5 g4 30. Ne1 Rd7 31. Bc6 Ra7 32. d5 Nc5 33. d6 Bf4 34. Rc7 Ra5 35. Rxf7+ Kg8 36. Rf6 Kg7 37. e6 Be5 38. Rxg6+ Kxg6 39. Bxe5 Nxe6 40. Nd3 Kf5 41. d7 Rxe5 42. Nxe5 Kxe5 43. Bxa4 Kd6 44. Kf1 Ke7 45. g3 Nc5 46. Bc6 Nb3 47. Ke2 Nd4+ 48. Ke3 Nxc6 49. Kf4 Kxd7 50. Kg5 Ne5 51. Kxh5 Ke6 52. Kg5 b5 53. Kf4 Kd5 54. Kf5 Nc4 55. Kxg4 Nxa3 56. h4 Nc4 57. h5 b4 58. h6 Nd6 59. h7 Nf7 60. Kf5 b3 61. Kf6 Nh8 62. Kg7 Ke6 63. Kxh8 Kf7 64. g4 b2 65. g5 b1=Q 66. g6+ Qxg6 67. f4 Qg7# 0-1


[Site "https://www.chess.com"]

[Event "Titled Tuesday Blitz August 23 Late 2022"]
[White "Danielyan, Vahe"]
[Black "Kowalski, Igor"]
[WhiteFideId "13304828"]
[BlackFideId "1172468"]
[WhiteElo "2421"]
[BlackElo "2376"]
[Result "1/2-1/2"]
[Round "05"]
[TimeControl "180+1"]
[Date "2022.08.23"]
[WhiteClock "0:00:05"]
[BlackClock "0:00:04"]

1. e4 c6 2. Nc3 d5 3. Nf3 Bg4 4. d4 e6 5. h3 Bxf3 6. Qxf3 Nd7 7. Bd3 dxe4 8. Nxe4 Ngf6 9. Ng3 h6 10. O-O Bd6 11. c3 O-O 12. Re1 Re8 13. Bc2 a5 14. a4 Bf8 15. Ne4 Nxe4 16. Rxe4 g6 17. Bd2 Nf6 18. Re2 Bg7 19. Rae1 Qd5 20. Qg3 b5 21. Re5 Qa2 22. Bxg6 fxg6 23. Qxg6 Ra7 24. Bxh6 Rf8 25. Rxe6 Qxb2 26. Re7 Nh5 27. Bxg7 Qxf2+ 28. Kh1 Rxe7 29. Rxe7 Qf1+ 30. Kh2 Qf4+ 31. Kh1 Qf1+ 32. Kh2 Qf4+ 33. Kg1 Qf2+ 34. Kh2 Qf4+ 1/2-1/2


[Site "https://www.chess.com"]